 Dungeon Crawl Stone Soup version 0.29.0-10-g45618ea6d2 (webtiles) character file.

Game seed: 14217756223218836423

35 Zeld the Ducker (level 3, -6/30 HPs)
             Began as a Djinni Monk on Sept 1, 2022.
             Mangled by a hobgoblin
             ... wielding a +0 mace
              (7 damage)
             ... on level 2 of the Dungeon.
             The game lasted 00:01:14 (1405 turns).

Zeld the Ducker (Djinni Monk)                       Turns: 1405, Time: 00:01:15

Health: -6/30      AC:  2    Str: 10    XL:     3   Next: 52%
Gold:   79         EV: 13    Int: 13    God:
                   SH:  0    Dex: 15

rFire   + + .      SeeInvis .   a - +0 falchion
rCold   x . .      Faith    .   (no shield)
rNeg    . . .      Spirit   .   b - +0 robe
rPois   ∞          Reflect  .   (no helmet)
rElec   .          Harm     .   (no cloak)
rCorr   .          Rampage  .   (no gloves)
Will    .....                   (boots unavailable)
Stlth   ++........              (no amulet)
HPRegen 0.10/turn               (no ring)
MPRegen 0.00/turn               (no ring)

@: flying
A: sickness immunity, fire resistance 2, cold vulnerability 1, float, innate
caster, HP casting, extra vitality 1
a: no special abilities


You were on level 2 of the Dungeon.
You visited 1 branch of the dungeon, and saw 2 of its levels.

You collected 79 gold pieces.

Inventory:

Hand Weapons
 a - a +0 falchion (weapon)
Armour
 b - a +0 robe (worn)
Scrolls
 d - a scroll of poison {unknown}
 e - a scroll of amnesia {unknown}
 f - 2 scrolls of identify {unknown}
 g - a scroll of magic mapping {unknown}
 h - a scroll of fear {unknown}
 i - a scroll of immolation {unknown}
 k - a scroll of teleportation {unknown}
Potions
 c - a potion of ambrosia
 j - a potion of flight {unknown}


   Skills:
 + Level 3.1 Fighting
 * Level 3.2 Long Blades
 + Level 3.4 Dodging
 + Level 1.8 Stealth
 * Level 1.0 Spellcasting


You had 3 spell levels left.
You knew the following spells:

 Your Spells              Type           Power      Damage    Failure   Level
a - Magic Dart            Conj           12%        1d3       19%         1
Your spell library was empty.

Dungeon Overview and Level Annotations

Branches:
Dungeon (2/15)

Altars:


Innate Abilities, Weirdness & Mutations

You are immune to sickness and miasma.
You are immune to poison.
Your flesh is very heat resistant. (rF++)
You are vulnerable to cold. (rC-)
You float through the air rather than walking.
You learn spells naturally, not from books.
Your magical power is your life essence.
You have superior vitality. (+4 MHP)


Message History

Found 4 poisoned darts.
A kobold is nearby!
A kobold is nearby!
A kobold is nearby!
A kobold is nearby!
A hobgoblin comes into view. It is wielding a +0 mace.
The kobold hits you with a +0 short sword.
You barely miss the kobold. The kobold barely misses you.
You hit the kobold.
You kill the kobold!
Things that are here:
a +0 short sword; 4 stones; a kobold corpse No target in view!
A hobgoblin is nearby!
A hobgoblin is nearby!
You closely miss the hobgoblin.
The hobgoblin shouts!
The hobgoblin barely misses you. The hobgoblin misses you.
You closely miss the hobgoblin. The hobgoblin hits you with a +0 mace!
You hit the hobgoblin.
The hobgoblin is lightly wounded.
The hobgoblin hits you with a +0 mace!
You closely miss the hobgoblin.
The hobgoblin is lightly wounded.
The hobgoblin hits you with a +0 mace.
* * * LOW HITPOINT WARNING * * *
The hobgoblin barely misses you.
You are too injured to fight recklessly!
You barely miss the hobgoblin.
The hobgoblin is lightly wounded.
The hobgoblin hits you with a +0 mace!
* * * LOW HITPOINT WARNING * * *
You are too injured to fight recklessly!
Casting: Magic Dart (safe; 19% risk of failure)
Confirm with . or Enter, or press ? or * to list all spells.
You don't have enough health to cast this spell.
Unknown command.
The hobgoblin attacks as you move away! The hobgoblin hits you with a +0 mace!
You die...

#################.#...#
# #......##.##### #
#......##...###
#.............#
#....)........#
#######....†...##
#.......######..#
..###.....# ##.##
###### #(...@# #..#
...... #....g# ##.#
...... #.....# #.#
......
#.....######.##......[
###+###...............
#.####.##....... #.#
#... ###+## #.# ###.#
#... #.# ##.# ##..#


You could see a hobgoblin.

Vanquished Creatures
  2 worms (D:2)
  3 bats (D:1)
  2 endoplasms (D:1)
  A giant cockroach (D:1)
  6 goblins
  2 hobgoblins
  A quokka (D:1)
  3 ball pythons
  A frilled lizard (D:1)
  3 kobolds
  A rat (D:1)
25 creatures vanquished.

Notes
Turn   | Place    | Note
-------+----------+-------------------------------------------
     0 | D:1      | Zeld the Djinni Monk began the quest for the Orb.
     0 | D:1      | Reached XP level 1. HP: 20/20 MP: 0/0
   173 | D:1      | Reached XP level 2. HP: 20/25 MP: 0/0
   370 | D:1      | Found a faded altar of an unknown god.
   636 | D:1      | Reached XP level 3. HP: 30/30 MP: 0/0
   636 | D:1      | Learned a level 1 spell: Magic Dart
  1069 | D:2      | Reached skill level 1 in Spellcasting
  1402 | D:2      | HP: 1/30 [hobgoblin/+0 mace (7)]
  1405 | D:2      | Mangled by a hobgoblin

Illustrated notes

Levels and vault maps discovered:
D:1:      heliophobic_arrival_henge, layout_basic,
          nicolae_ecumenical_lake_church, nicolae_eternal_life
D:2:      layout_basic, chequers_mini_garden, minmay_pentomino_t4

Skill      XL: |  1  2  3 |
---------------+----------+-----
Long Blades    | 3 |  3.2
Spellcasting   | 1 |  1.0
Fighting       | |  3.1
Dodging        | |  3.4
Stealth        | |  1.8

Action                   || total
-------------------------++-------
Melee: Falchion          ||    63
 Cast: Magic Dart        ||    14
 Stab: Sleeping          ||     5
Armor: Robe              ||    14
Dodge: Dodged            ||    44
